 Dungeon Crawl Stone Soup version 0.27-a0-836-gfc908b8576 (webtiles) character file.

Game seed: 7746584688138609731

1330 Lanoc the Cudgeller (level 8, 0/67 (76) HPs)
             Began as a Naga Chaos Knight on Apr 1, 2021.
             Was a Plaything of Xom.
             Slain by a kobold
             ... wielding a +0 short sword
              (5 damage)
             ... on level 7 of the Dungeon.
             The game lasted 00:11:00 (6782 turns).

Lanoc the Cudgeller (Naga Chaos Knight)             Turns: 6782, Time: 00:11:00

HP:   0/67 (76)     AC:  6    Str: 14    XL:     8   Next: 60%
MP:   8/8           EV: 11    Int: 12    God:    Xom [.....*]
Gold: 360           SH:  0    Dex: 14    Spells: 7/7 levels left

rFire    . . .     SeeInvis +   a - +0 mace (chaos)
rCold    . . .     Faith    .   (no shield)
rNeg     . . .     Spirit   .   b - +2 leather armour
rPois    +         Reflect  .   (no helmet)
rElec    .         Harm     .   (no cloak)
rCorr    .         Rampage  .   (no gloves)
Will     +++..     Clarity  +   (no barding)
Stlth    +.........             (no amulet)
HPRegen  0.21/turn              i - ring of willpower
MPRegen  0.11/turn              r - ring of willpower

@: about to teleport, attractive, heavily drained, very slow
A: AC +2, large, see invisible, deformed body, poison resistance, slowness 2,
spit poison 1, naga tail 1, stinger 1, clarity, mutation resistance 1, wild
magic 2, no potion heal 1
a: Spit Poison, Renounce Religion


You were on level 7 of the Dungeon.
You worshipped Xom.
You were Xom's teddy bear.
You visited 2 branches of the dungeon, and saw 8 of its levels.

You collected 400 gold pieces.
You spent 40 gold pieces at shops.

Inventory:

Hand Weapons
 a - a +0 mace of chaos (weapon)
 j - a +4 mace
 y - a +4 flail of freezing
 z - a +4 whip
 A - a +6 flail
Armour
 b - a +2 leather armour (worn)
Jewellery
 i - a ring of willpower (left hand)
 r - a ring of willpower (right hand)
Wands
 q - a wand of mindburst (6)
 v - a wand of flame (13)
Scrolls
 l - a scroll of blinking {unknown}
 m - a scroll of noise
 t - a scroll of enchant armour {unknown}
 u - a scroll of fear {unknown}
 w - a scroll of brand weapon {unknown}
 x - a scroll of summoning
Potions
 c - a potion of brilliance
 g - a potion of resistance
 n - a potion of cancellation
 o - a potion of flight
 s - 2 potions of berserk rage


   Skills:
 + Level 5.8 Fighting
 * Level 7.9 Maces & Flails
 - Level 1.5 Armour
 + Level 4.2 Dodging


You had 7 spell levels left.
You didn't know any spells.
Your spell library contained the following spells:

 Spells                   Type           Power      Damage    Failure   Level
 Shock                    Conj/Air       0%         1d3       56%         1
 Swiftness                Air            0%         N/A       69%         2
 Static Discharge         Conj/Air       0%         N/A       88%         3
 Airstrike                Air            0%         N/A       99%         4
 Lightning Bolt           Conj/Air       0%         1d11      100%        5


Dungeon Overview and Level Annotations

Branches:
Dungeon (7/15)             Temple (1/1) D:6

Altars:
Ru
Vehumet
Zin
The Shining One

Shops:
D:1 *   D:3 *


Innate Abilities, Weirdness & Mutations

Your serpentine skin is tough. (AC +2)
You have supernaturally acute eyesight. (SInv)
Armour fits poorly on your strangely shaped body.
Your system is resistant to poisons. (rPois)
You cover ground very slowly.
You can spit poison.
You have a snake-like lower body.
Your tail ends in a poisonous barb.
You possess an exceptional clarity of mind.
You are somewhat resistant to further mutation.
Your spells are harder to cast, but more powerful.
Potions are less effective at restoring your health.


Message History

The iguana hisses angrily.
The phantom is pulled toward you!
As you read the scroll labelled LUECZY QOATTAHACK, it crumbles to dust.
You hear a loud clanging noise!
It was a scroll of noise.
You hear a shout!
The phantom is pulled toward you!
As you read the scroll labelled CAORRU SOTZEM, it crumbles to dust.
You feel aware of your surroundings.
It was a scroll of magic mapping. "Where it stops, nobody knows!"
Your surroundings suddenly seem different.
Your surroundings suddenly seem different.
Your surroundings suddenly seem different.
You are now Xom's teddy bear.
A kobold comes into view. It is wielding a +0 club.
A kobold comes into view. It is wielding a +0 whip.
A kobold comes into view. It is wielding a +0 short sword.
A centaur zombie comes into view.
A kobold comes into view. It is wielding a +0 club.
A kobold comes into view. It is wielding a +0 short sword.
A kobold comes into view.
It is wielding a +2 short sword of draining.
A kobold comes into view. It is wielding a +0 short sword.
The kobold is pulled toward you! x4; The ogre is pulled toward you!
The kobold is pulled toward you! x3
A kobold brigand and an ogre come into view.
The kobold brigand is wielding a +2 dagger of speed and quivering curare-tipped darts.
As you read the scroll of teleportation, it crumbles to dust.
You feel strangely unstable.
The kobold brigand shouts!
The kobold shouts! x2; The ogre shouts!
The kobold shouts!
You hear an angry buzzing noise.
The kobold barely misses you. The ogre closely misses you.
The kobold shouts!
As you read the scroll labelled YWEOCROLUNK, it crumbles to dust.
Wisps of shadow whirl around you...
It was a scroll of summoning.
The centaur zombie closely misses your scorpion. x2
The kobold hits you with a +0 whip.
* * * LOW HITPOINT WARNING * * *
The kobold hits you with a +0 short sword.
You die... "What!?
That's it?"

.............#
.............#
#######
.............#
#.....#
..........(..#
#.....#
............##
#gg...#
#.....>....##
#..g..#
#..##.######


#gKKg.# #..#*.# #OKZ.z# #.!.,.# #@Ks..# *,**,,** #KKKKz# ,,***,,* #5z...# ,**
*,,** ###z### ,****,,,****** *.# ,,,,,,,,,,,,,* *.# ,****,**,***** *,# ,*
*,**,** *,* ,* **,**,,* *,* You could see a kobold brigand, an ogre (ally
target), a centaur zombie, 7 kobolds, a friendly gnoll shaman (summoned), a
friendly scorpion (summoned), 4 friendly wights, 4 friendly gnolls and a
friendly white imp (summoned).

Vanquished Creatures
  Grinder (D:3)
  An ice beast (D:5)
  A black bear (D:6)
  A sky beast (D:6)
  A phantom (D:4)
  A bullfrog (D:6)
  A scorpion (D:4)
  A water moccasin skeleton (D:5)
  A water moccasin zombie (D:6)
  3 hounds
  2 jellies
  A bullfrog skeleton (D:6)
  2 centaur skeletons (D:6)
  A gnoll shaman (D:5)
  2 iguanas
  A scorpion zombie (D:5)
  5 adders
  5 gnolls
  A howler monkey skeleton (D:4)
  A white imp (D:7)
  An ufetubus (D:6)
  3 worms
  3 dart slugs
  7 orcs
  5 bats
  7 endoplasms
  3 giant cockroaches
  7 goblins
  8 hobgoblins
  16 jackals
  2 quokkas (D:3)
  6 ball pythons
  4 frilled lizards
  8 kobolds
113 creatures vanquished.

Vanquished Creatures (others)
  4 gnolls (D:5)
  4 orcs (D:5)
8 creatures vanquished.

Grand Total: 121 creatures vanquished

Notes
Turn   | Place    | Note
-------+----------+-------------------------------------------
     0 | D:1      | Lanoc the Naga Chaos Knight began the quest for the Orb.
     0 | D:1      | Reached XP level 1. HP: 21/21 MP: 1/1
   178 | D:1      | Reached skill level 1 in Dodging
   193 | D:1      | Reached XP level 2. HP: 28/28 MP: 2/2
   505 | D:1      | XOM: silly message
   548 | D:1      | XOM: divination: magic mapping
   571 | D:1      | Found Miqah's Assorted Antiques.
   580 | D:1      | Bought a bubbling dark potion for 20 gold pieces
   580 | D:1      | Bought a sedimented blue potion for 20 gold pieces
   664 | D:1      | XOM: silly message
   678 | D:1      | Reached XP level 3. HP: 34/34 MP: 3/3
  1051 | D:1      | XOM: divination: detect items
  1233 | D:2      | XOM is BORED!
  1233 | D:2      | XOM: 2-stop teleportation journey
  1284 | D:2      | XOM: confuse monster(s)
  1323 | D:2      | Gained mutation: Potions are less effective at restoring
                  | your health. [potion of mutation]
  1323 | D:2      | Gained mutation: You possess an exceptional clarity of
                  | mind. [potion of mutation]
  1331 | D:2      | Reached XP level 4. HP: 24/42 MP: 4/4
  1355 | D:2      | Reached skill level 4 in Maces & Flails
  1491 | D:2      | XOM: 5-stop teleportation journey
  1930 | D:3      | Found Zin's Purification Station.
  1933 | D:3      | Found a glowing silver altar of Zin.
  1983 | D:3      | Noticed Grinder
  1990 | D:3      | Paralysed by Grinder for 6 turns
  1997 | D:3      | XOM: potion effect (heal wounds)
  2002 | D:3      | Killed Grinder
  2003 | D:3      | Reached skill level 5 in Maces & Flails
  2003 | D:3      | Reached XP level 5. HP: 50/50 MP: 5/5
  2003 | D:3      | Reached XP level 6. HP: 57/57 MP: 6/6
  2107 | D:3      | Found a sacrificial altar of Ru.
  2407 | D:3      | Found a faded altar of an unknown god.
  2449 | D:3      | XOM: silly message
  2652 | D:3      | XOM: god gift: 27 stones
  2855 | D:4      | XOM: silly message
  3097 | D:4      | Reached XP level 7. HP: 66/66 MP: 7/7
  3193 | D:4      | XOM: 2-stop teleportation journey
  3234 | D:4      | Reached skill level 6 in Maces & Flails
  3275 | D:4      | Found a glowing golden altar of the Shining One.
  3577 | D:4      | XOM: cloud trail
  3666 | D:4      | XOM: torment (34/66 hp)
  3905 | D:5      | Entered Level 5 of the Dungeon
  4020 | D:5      | XOM: 1-stop teleportation journey
  4104 | D:5      | XOM: confuse monster(s)
  4268 | D:5      | Found a radiant altar of Vehumet.
  4436 | D:5      | Reached skill level 5 in Fighting
  4832 | D:6      | XOM: give mutations
  4832 | D:6      | Gained mutation: Your spells are a little harder to cast,
                  | but a little more powerful. [Xom's grace]
  4832 | D:6      | Gained mutation: Your tail ends in a poisonous barb. [Xom's
                  | grace]
  4832 | D:6      | Gained mutation: You are somewhat resistant to further
                  | mutation. [Xom's grace]
  4832 | D:6      | Gained mutation: Your spells are harder to cast, but more
                  | powerful. [Xom's grace]
  4855 | D:6      | Found a glowing golden altar of the Shining One.
  4936 | D:6      | Found a staircase to the Ecumenical Temple.
  4944 | D:6      | XOM: potion effect (curing)
  4946 | D:6      | XOM: noise
  4949 | D:6      | Reached XP level 8. HP: 66/74 MP: 8/8
  4955 | Temple   | Entered the Ecumenical Temple
  5022 | D:6      | Reached skill level 7 in Maces & Flails
  5113 | D:6      | XOM: cloud trail
  5230 | D:6      | XOM: cast spell 'Death Channel'
  5232 | D:6      | XOM: enchant monster (good)
  5761 | D:6      | XOM: smoke on damage
  5802 | D:5      | XOM: noise
  5950 | D:5      | XOM: god gift: staff of fire
  6509 | D:6      | XOM: silly message
  6626 | D:6      | XOM: torment (39/76 hp)
  6733 | D:6      | XOM: draining
  6762 | D:7      | XOM: polymorph wolf -> fire bat
  6763 | D:7      | XOM: noise
  6772 | D:7      | HP: 3/67 [white imp (3)]
  6773 | D:7      | HP: 1/67 [white imp (3)]
  6780 | D:7      | Found a runed translucent door.
  6780 | D:7      | XOM: 3-stop teleportation journey
  6782 | D:7      | Slain by a kobold

Illustrated notes

Levels and vault maps discovered:
D:1:      psy_arrival_wood_between_worlds, layout_loops_corners, serial_shops,
          shop
D:2:      layout_basic
D:3:      layout_basic, hangedman_ru_absence, zin_purify,
          chequers_ecumenical_altar_island, uniq_grinder
D:4:      layout_loops_ring, nicolae_tso_swordbearing_angel
D:5:      layout_loops_ring, fiery_altar_vehumet, st_stairs_13
D:6:      layout_loops_ring, lemuel_doored_altar, minmay_temple_entry_arrows
D:7:      layout_rooms, dk_noncrumbling_3, uniq_crazy_yiuf_cottage
Temple:   regret_index_temple_generic_petals

Skill      XL: |  1  2  3  4  5  6  7  8 |
---------------+-------------------------+-----
Dodging        | 1 2 3 4 |  4.2
Maces & Flails | 5 6 7 |  7.9
Fighting       | 4 5 |  5.8
Armour         | |  1.5

Action                   |  1- 3 |  4- 6 |  7- 9 || total
-------------------------+-------+-------+-------++-------
Melee: Mace              |    78 |    89 |   169 ||   336
 Abil: Spit Poison       |    31 |    28 |    33 ||    92
Evoke: Wand              |       |       |     1 ||     1
  Use: Potion            |     3 |     1 |     5 ||     9
       Scroll            |       |     1 |    11 ||    12
 Stab: Paralysed         |       |     3 |     2 ||     5
       Petrified         |       |       |     5 ||     5
Armor: Leather armour    |    59 |    24 |    71 ||   154
Dodge: Dodged            |    66 |    37 |    98 ||   201

Table legend: (Time is in decaauts)
 A = Elapsed time spent in this place.
 B = Non-inter-level travel time spent in this place.
 C = Inter-level travel time spent in this place.
 D = Time resting spent in this place.
 E = Time spent auto-exploring this place.
 F = Levels seen in this place.
 G = Mean time per level.
                   A        B        C        D        E       F      G
               +--------+--------+--------+--------+--------+-----+--------+
         Total |   8354 |   8199 |    155 |    583 |   6538 |   8 | 1044.2 |
       Dungeon |   8352 |   8197 |    155 |    583 |   6538 |   7 | 1193.1 |
        Temple |      1 |      1 |      0 |      0 |      0 |   1 |    1.0 |
               +--------+--------+--------+--------+--------+-----+--------+

Top non-repeatable levels by time:
     D:6: 1701 daAuts
     D:5: 1651 daAuts
     D:4: 1455 daAuts
     D:1: 1368 daAuts
     D:3: 1140 daAuts
     D:2: 983 daAuts
     D:7: 51 daAuts
  Temple: 1 daAuts
